 Dungeon Crawl Stone Soup version 0.30-a0-137-gd8773701ce (webtiles) character file.

Game seed: 11567612979372050588

6430 KennySheep the Cleaver (level 10, -8/84 HPs)
             Began as a Palentonga Gladiator on Sept 23, 2022.
             Was a Priest of the Shining One.
             Mangled by an orc warrior
             ... wielding a +0 halberd
              (14 damage)
             ... on level 10 of the Dungeon.
             The game lasted 00:19:47 (12984 turns).

KennySheep the Cleaver (Palentonga Gladiator)      Turns: 12984, Time: 00:19:48

Health: -8/84      AC: 13    Str: 23 (24) XL:     10   Next: 67%
Magic:  15/15      EV: 15    Int:  8      God:    the Shining One [***...]
Gold:   477        SH:  9    Dex: 12      Spells: 9/9 levels left

rFire   . . .      SeeInvis +    a - +0 war axe
rCold   . . .      Faith    +    (no shield)
rNeg    + . .      Spirit   .    b - +0 leather armour
rPois   .          Reflect  .    c - +0 helmet
rElec   .          Harm     .    (no cloak)
rCorr   .          Rampage  .    (no gloves)
Will    .....                    (no barding)
Stlth   +.........               l - amulet of faith
HPRegen 0.24/turn                i - +4 ring of evasion
MPRegen 0.14/turn                (no ring)

@: divinely shielded, glowing, studying Shields, curled up
A: large, rugged brown scales 3, see invisible, deformed body, roll 1, armoured
tail, reflexive curl
a: Rolling Charge, Renounce Religion, Divine Shield, Cleansing Flame


You were on level 10 of the Dungeon.
You worshipped the Shining One.
The Shining One was most pleased with you.
You visited 3 branches of the dungeon, and saw 12 of its levels.

You collected 492 gold pieces.
You donated 15 gold pieces to Zin.

Inventory:

Hand Weapons
 a - a +0 war axe (weapon)
Missiles
 d - 4 throwing nets
 e - a javelin
Armour
 b - a +0 leather armour (worn)
 c - a +0 helmet (worn)
Jewellery
 i - a +4 ring of evasion (left hand)
 l - an amulet of faith (around neck)
 J - a ring of wizardry
Wands
 w - a wand of flame (37)
 y - a wand of paralysis (13)
 F - a wand of iceblast (10)
Scrolls
 f - 4 scrolls of teleportation
 h - a scroll of identify
 j - 2 scrolls of enchant weapon
 k - a scroll of amnesia
 m - 3 scrolls of torment
 n - a scroll of magic mapping
 q - a scroll of vulnerability
 r - a scroll of fear
 v - a scroll of noise
 G - a scroll of blinking
 H - 2 scrolls of enchant armour
 I - a scroll of summoning
Potions
 g - 3 potions of curing
 o - a potion of might
 p - a potion of ambrosia {unknown}
 s - 2 potions of haste {unknown}
 t - a potion of flight {unknown}
 u - 4 potions of berserk rage
 x - a potion of invisibility
 A - a potion of degeneration
 B - a potion of mutation {unknown}
 C - a potion of lignification {unknown}
 D - 2 potions of brilliance {unknown}
 E - a potion of magic


   Skills:
 + Level 7.2 Fighting
 * Level 10.3 Axes
 - Level 1.3 Throwing
 + Level 4.2 Armour
 + Level 6.2 Dodging
 + Level 7.2 Invocations


You had 9 spell levels left.
You didn't know any spells.
Your spell library contained the following spells:

 Spells                   Type           Power      Damage    Failure   Level
 Shock                    Conj/Air       0%         1d3       45%         1
 Gell's Gravitas          Tloc           0%         N/A       83%         3
 Lesser Beckoning         Tloc           0%         N/A       83%         3
 Swiftness                Air            0%         N/A       83%         3
 Teleport Other           Tloc           0%         N/A       83%         3
 Airstrike                Air            0%         2d(0-16)  99%         4
 Arcjolt                  Conj/Air       0%         1d10      100%        5
 Iskenderun's Battlesphe  Conj           0%         2d6       100%        5
 Iron Shot                Conj/Erth      0%         9d1       100%        6
 Spellforged Servitor     Conj/Summ      0%         N/A       100%        7


Dungeon Overview and Level Annotations

Branches:
Dungeon (10/15)            Temple (1/1) D:4            Lair (1/5) D:10
    Orc: D:9-12

Altars:
Ashenzari
Cheibriados
Dithmenos
Fedhas
Gozag
Hepliaklqana
Makhleb
Nemelex Xobeh
Okawaru
Qazlal
Sif Muna
Trog
Uskayaw
Vehumet
Wu Jian
Xom
Zin
The Shining One

Annotations:
D:4 2 transporters, 1 runed translucent door, Crazy Yiuf


Innate Abilities, Weirdness & Mutations

You are completely covered in rugged brown scales. (AC +3, +7% HP)
You have supernaturally acute eyesight. (SInv)
Armour fits poorly on your strangely shaped body.
You can roll at nearby foes to attack.
You have a long armoured tail.
You curl defensively after being hit. (AC +7*)


Message History

You punch the gargoyle.
The gargoyle is almost destroyed.
You hit the orc warrior but do no damage.
The gargoyle hurls a stone arrow at you.
The stone arrow hits you! The Shining One protects you from harm!
You block the orc warrior's attack.
You hit the gargoyle.
You destroy the gargoyle!
You hit the orc warrior but do no damage.
The orc warrior misses you.
You hit the orc warrior but do no damage.
Your tail-slap misses the orc warrior.
You hit the orc. You hit the orc priest.
The orc priest hits you with a +0 short sword.
* * * LOW HITPOINT WARNING * * *
The orc closely misses you.
The orc warrior hits you with a +0 halberd.
* * * LOW HITPOINT WARNING * * *
You hit the orc warrior but do no damage.
Your tail-slap misses the orc warrior.
You slash the orc!
You kill the orc!
You hit the orc priest.
The orc priest hits you with a +0 short sword.
* * * LOW HITPOINT WARNING * * *
The orc warrior hits you with a +0 halberd.
* * * LOW HITPOINT WARNING * * *
You hit the orc warrior.
The orc warrior is moderately wounded.
You hit the orc priest.
You kill the orc priest!
The Shining One accepts your kill.
You feel better.
You feel your power returning.
You hit the orc warrior but do no damage.
The orc warrior is moderately wounded.
The orc warrior closely misses you.
You hit the orc warrior but do no damage.
You tail-slap the orc warrior.
The orc warrior is moderately wounded.
The orc warrior hits you with a +0 halberd!
You die...

... #......... ...#
#.........# ....#
#......$..#
.....##.........#
......#.........#
#o.?..........#
#..).......>#
######)........#
#...†@o........#
#...†.)........#
#................# #.
###..............####..#
......###.###..........
###.... ...##.........#.
....#...####...........
.###..#. #........... .
###.##...........


You could see an orc warrior.

Vanquished Creatures
  A gargoyle (D:10)
  A troll (D:9)
  A hornet (D:7)
  2 wyverns
  6 yaks
  Menkaure (D:4)
  Edmund (D:6)
  A water moccasin (D:6)
  An ice beast (D:6)
  2 sky beasts (D:8)
  2 orc warriors
  2 black bears
  2 ogres
  2 centaurs (D:10)
  3 kobold brigands
  2 phantoms
  A bullfrog (D:8)
  5 scorpions
  5 wights (D:8)
  21 killer bees
  8 howler monkeys
  4 orc priests
  2 hounds
  2 jellies
  2 gnoll boudas
  3 iguanas
  13 orc wizards
  Natasha (thrice) (D:4)
  12 gnolls
  7 adders
  A shadow imp (D:7)
  2 white imps (D:6)
  2 worms
  2 dart slugs
  22 orcs
  8 endoplasms
  4 giant cockroaches
  6 goblins
  8 hobgoblins
  3 jackals (D:3)
  22 kobolds
  4 quokkas
  7 ball pythons
  2 bats
  4 frilled lizards
  2 rats
217 creatures vanquished.

Vanquished Creatures (others)
  A demonic plant (D:1)
  A plant (D:1)
2 creatures vanquished.

Grand Total: 219 creatures vanquished

Notes
Turn   | Place    | Note
-------+----------+-------------------------------------------
     0 | D:1      | KennySheep the Palentonga Gladiator began the quest for the
                  | Orb.
     0 | D:1      | Reached XP level 1. HP: 17/17 MP: 1/1
   281 | D:1      | Reached XP level 2. HP: 16/23 MP: 2/2
   473 | D:1      | Found a faded altar of an unknown god.
   509 | D:1      | Prayed at the altar of an unknown god.
   509 | D:1      | Became a worshipper of Zin the Law-Giver
   509 | D:1      | Reached * piety under Zin
   853 | D:1      | Reached XP level 3. HP: 29/29 MP: 3/3
  1457 | D:2      | Reached ** piety under Zin
  1609 | D:2      | Reached skill level 1 in Invocations
  1647 | D:3      | Reached skill level 4 in Axes
  1647 | D:3      | Reached XP level 4. HP: 21/36 MP: 4/4
  2537 | D:3      | Found a hazy altar of Hepliaklqana.
  2879 | D:4      | Reached XP level 5. HP: 39/43 MP: 6/6
  2982 | D:4      | Found a staircase to the Ecumenical Temple.
  3009 | Temple   | Entered the Ecumenical Temple
  3152 | Temple   | Fell from the grace of Zin
  3152 | Temple   | Became a worshipper of the Shining One
  3152 | Temple   | Reached * piety under the Shining One
  3185 | D:4      | Found a transporter.
  3237 | D:4      | Noticed Natasha
  3245 | D:4      | Killed Natasha
  3309 | D:4      | Noticed an ogre
  3316 | D:4      | Killed an ogre
  3317 | D:4      | Reached XP level 6. HP: 50/50 MP: 3/7
  3360 | D:4      | Noticed Menkaure
  3368 | D:4      | Killed Menkaure
  3369 | D:4      | Reached skill level 5 in Axes
  3700 | D:4      | Found a transporter.
  3724 | D:4      | Found a runed translucent door.
  3725 | D:4      | Noticed Crazy Yiuf
  3761 | D:4      | Noticed Natasha
  3770 | D:4      | Killed Natasha
  3817 | D:4      | Noticed Natasha
  3979 | D:4      | Killed Natasha
  4451 | D:4      | Reached ** piety under the Shining One
  4520 | D:4      | Gained mutation: You curl defensively after being hit. (AC
                  | +7*) [Palentonga growth]
  4520 | D:4      | Reached XP level 7. HP: 50/56 MP: 9/9
  4847 | D:5      | Entered Level 5 of the Dungeon
  4877 | D:5      | Reached skill level 6 in Axes
  5381 | D:6      | Noticed Edmund
  5400 | D:6      | HP: 2/58 [Edmund/+2 vorpal flail (3)]
  5402 | D:6      | Killed Edmund
  5403 | D:6      | Reached XP level 8. HP: 2/65 MP: 8/11
  6208 | D:6      | Reached skill level 7 in Axes
  6394 | D:6      | Found a sparkling altar of Nemelex Xobeh.
  6439 | D:6      | Found a snail-covered altar of Cheibriados.
  6818 | D:6      | Identified the +0 robe "Ukeanu Ropn" {Fly rPois Int-5
                  | Dex+4}
  6980 | D:6      | Reached skill level 5 in Fighting
  6980 | D:6      | Reached skill level 1 in Armour
  7504 | D:7      | Reached skill level 5 in Invocations
  7540 | D:7      | Noticed a hornet
  7542 | D:7      | Reached XP level 9. HP: 25/72 MP: 12/12
  7543 | D:7      | Paralysed by a hornet for 1 turns
  7544 | D:7      | Reached skill level 8 in Axes
  7824 | D:7      | Reached skill level 5 in Dodging
  7868 | D:7      | Paralysed by a hornet for 2 turns
  8924 | D:8      | Reached *** piety under the Shining One
  9202 | D:8      | Reached skill level 9 in Axes
  9729 | D:8      | Reached XP level 10. HP: 35/82 MP: 10/14
 10060 | D:8      | Found a bloodstained altar of Trog.
 10121 | D:8      | Found a radiant altar of Vehumet.
 10973 | D:9      | Found a burning altar of Makhleb.
 11999 | D:10     | Entered Level 10 of the Dungeon
 12271 | D:10     | Reached skill level 10 in Axes
 12614 | D:10     | Noticed a death yak
 12614 | D:10     | Noticed a death yak
 12614 | D:10     | Noticed a death yak
 12614 | D:10     | Noticed a death yak
 12672 | D:10     | Found a staircase to the Lair.
 12939 | Lair:1   | Entered Level 1 of the Lair of Beasts
 12939 | Lair:1   | Noticed a cane toad
 12963 | D:10     | Noticed a gargoyle
 12978 | D:10     | The Shining One protects you from harm!
 12979 | D:10     | Killed a gargoyle
 12981 | D:10     | HP: 4/84 [orc priest/+0 short sword (1)]
 12984 | D:10     | Mangled by an orc warrior

Illustrated notes

Levels and vault maps discovered:
D:1:      dpeg_arrival_refuge, layout_basic, shapermc_ecumenical_altar_gd,
          hangedman_decor_points
D:2:      layout_rooms
D:3:      layout_loops_ring, marbit_many_paths, minmay_liquid_box
D:4:      gammafunk_wand_slinger, layout_layer_cave,
          minmay_temple_entry_offerings, kennysheep_generic_room_8,
          uniq_natasha, uniq_menkaure, uniq_crazy_yiuf_cottage
D:5:      layout_rooms, kennysheep_vampire_church, mainiacjoe_overflow_alcove_4,
          nicolae_ru_the_path_less_chosen, overflow_temple_1_default
D:6:      layout_basic, nemelex_altar_shiori, cheibriados_altar_1, uniq_edmund
D:7:      layout_basic
D:8:      layout_loops_cross, vehumet_crystals, kennysheep_little_box
D:9:      layout_long_grid, mainiacjoe_overflow_catwalk
D:10:     layout_rooms, dpeg_lair_monsters
Temple:   hellmonk_temple_forest_ring
Lair:1:   layout_concentric_octagons, minmay_stone_trees_small,
          minmay_lair_oklob_items

Skill      XL: |  1  2  3  4  5  6  7  8  9 10 |
---------------+-------------------------------+-----
Invocations    | 1 2 3 4 5 6 7 |  7.2
Axes           | 4 5 6 7 9 10 | 10.3
Dodging        | 3 4 5 6 |  6.2
Fighting       | 3 4 5 6 7 |  7.2
Armour         | 1 3 4 |  4.2
Throwing       | |  1.3

Action                   |  1- 3 |  4- 6 |  7- 9 | 10-12 || total
-------------------------+-------+-------+-------+-------++-------
Melee: War axe           |    86 |   122 |   251 |   159 ||   618
       Tailslap          |     7 |    14 |    39 |    26 ||    86
       Punch             |     1 |     2 |     6 |     2 ||    11
Invok: Recite            |       |     1 |       |       ||     1
       Divine Shield     |       |     1 |     7 |     4 ||    12
 Abil: Rolling Charge    |     1 |       |    13 |     6 ||    20
  Use: Scroll            |     3 |       |     3 |     8 ||    14
       Potion            |     1 |     1 |     5 |     7 ||    14
 Stab: Sleeping          |     1 |       |       |       ||     1
Armor: Leather armour    |    25 |    36 |    39 |    43 ||   143
Dodge: Dodged            |    57 |    87 |   195 |   173 ||   512
Block: Other             |       |     1 |    26 |    38 ||    65

Table legend: (Time is in decaauts)
 A = Elapsed time spent in this place.
 B = Non-inter-level travel time spent in this place.
 C = Inter-level travel time spent in this place.
 D = Time resting spent in this place.
 E = Time spent auto-exploring this place.
 F = Levels seen in this place.
 G = Mean time per level.
                   A        B        C        D        E       F      G
               +--------+--------+--------+--------+--------+-----+--------+
         Total |  13100 |  12772 |    328 |   4914 |   6417 |  12 | 1091.7 |
       Dungeon |  12799 |  12493 |    306 |   4772 |   6296 |  10 | 1279.9 |
        Temple |    299 |    277 |     22 |    142 |    121 |   1 |  299.0 |
          Lair |      1 |      1 |      0 |      0 |      0 |   1 |    1.0 |
               +--------+--------+--------+--------+--------+-----+--------+

Top non-repeatable levels by time:
     D:6: 2124 daAuts
     D:8: 1845 daAuts
     D:4: 1700 daAuts
     D:7: 1600 daAuts
     D:9: 1379 daAuts
     D:3: 1258 daAuts
     D:1: 1137 daAuts
    D:10: 938 daAuts
     D:2: 522 daAuts
  Temple: 299 daAuts
     D:5: 293 daAuts
  Lair:1: 1 daAuts
